[Event "Championnat du monde jeunes U12F"]
[Date "2024.11.25"]
[White "Zavivaeva, Angelina"]
[Black "Xikmatkhonova, Mokhinur"]
[WhiteElo "1499"]
[BlackElo "1726"]
[Round "10.19"]
[Result "0-1"]
[TimeControl "5400+30"]

1. e4 c5 2. Nf3 e6 3. g3 Nc6 4. Bg2 Nf6 5. Qe2 e5 6. O-O d6 7. d3 Be7 8. c3 O-O 9. Be3 Re8 10. Nbd2 Ng4 11. Rac1 Rb8 12. d4 Nxe3 13. Qxe3 b6 14. Rfd1 Qc7 15. d5 Nd8 16. b4 Bd7 17. Rb1 f6 18. bxc5 bxc5 19. Rxb8 Qxb8 20. Rb1 Qc7 21. c4 f5 22. Qd3 fxe4 23. Qxe4 Rf8 24. Qe3 Bf5 25. Rb2 h6 26. Ne4 Qa5 27. Nfd2 Nf7 28. Qc3 Qa6 29. Qb3 Bxe4 30. Nxe4 Ng5 31. Nxg5 Bxg5 32. Qc3 Qa4 33. Qc2 Qa5 34. Rb1 Qd8 35. Bh3 Qf6 36. Be6+ Kh8 37. h4 Bxh4 38. gxh4 Qxh4 39. Qd3 Qxf2+ 40. Kh1
Qh4+ 41. Kg1 e4 42. Qe2 Rf3 43. Rb8+ Kh7 44. Rb1 Rg3+ 45. Kf2 e3+ 46. Ke1 Rg1# 0-1

[Variant "Standard"]
[Site "Europe Echecs"]

[Event "Championnat du monde jeunes U12F"]
[Date "2024.11.25"]
[White "Kovalskyy, Alicia"]
[Black "Sevastsyanchuk, Anastasiya"]
[WhiteElo "1871"]
[BlackElo "1595"]
[Round "10.20"]
[Result "1/2-1/2"]
[TimeControl "5400+30"]

1. e4 c5 2. Nf3 e6 3. d4 cxd4 4. Nxd4 Nf6 5. Nc3 Nc6 6. a3 d6 7. Be2 Be7 8. Be3 a6 9. O-O Bd7 10. f4 Qc7 11. Qe1 O-O 12. Qg3 d5 13. exd5 exd5 14. Rad1 Bc5 15. Nb3 Bxe3+ 16. Qxe3 Rfe8 17. Qf2 Ne4 18. Nxd5 Nxf2 19. Nxc7 Nxd1 20. Bxd1 Rac8 21. Nxe8 Rxe8 22. Kf2 Bf5 23. Re1 Rd8 24. g4 Be6 25. c3 g6 26. Nd4 Nxd4 27. cxd4 Rxd4 28. Ke3 Rc4 29. Bf3 b5 30. h3 Rc2 31. Re2 Rc1 32. Rd2 Bc4 33. Kd4 Be6 34. Ke3 Kg7 35. Rd6 a5 36. Rd1 Rc2 37. Rd2 Rc7 38. Rd4 Re7 39. Re4 Rc7 40. Rd4 Bb3 41. Bd5 Bc2 42. Kd2 f5 43. Be6 Be4 44. Rd7+ Rxd7+ 45. Bxd7 fxg4 46.
hxg4 b4 47. axb4 axb4 48. Ke3 Bd5 49.
Kd4 Bf7 50. Kc5 b3 51. Kd4 Kf6 52. g5+ Kg7 53. Ke5 h5 54. gxh6+ Kxh6 55. Kf6 Bc4 56. Be8 Bd3 57. Bf7 Bc2 58. Be6 Kh5 59. Bd7 Kh4 60. Be6 Kg3 61. Kg5 Kf3 62. Bf7 Ke3 63. Bd5 Kd2 64. Bxb3 1/2-1/2

[Variant "Standard"]
[Site "Europe Echecs"]

[Event "Championnat du monde jeunes U12F"]
[Date "2024.11.25"]
[White "Sunea, Sara Maria"]
[Black "Abylaykyzy, Bibisara"]
[WhiteElo "1823"]
[BlackElo "1694"]
[Round "10.21"]
[Result "1/2-1/2"]
[TimeControl "5400+30"]

1. e4 c5 2. c3 d5 3. exd5 Qxd5 4. d4 cxd4 5. cxd4 Nc6 6. Nf3 e5 7. dxe5 Qxd1+ 8. Kxd1 Bg4 9. Bf4 O-O-O+ 10. Kc1 Nge7 11. Nbd2 Ng6 12. Bg3 Bb4 13. h3 Bh5 14. e6 fxe6 15. Bc4 Rhe8 16. a3 Bxd2+ 17. Nxd2 Nge5 18. Bb5 Nd3+ 19. Bxd3 Rxd3 20. Ne4 Red8 21. Kb1 Bg6 22. Re1 Rd1+ 23. Ka2 Rxa1+ 24. Kxa1 Bxe4 25.
Rxe4 Re8 26. Kb1 Kd7 27. Kc2 e5 28. b4 Kd6 29. f3 Kd5 30. Bf2 Rc8 31. Kd3 Ne7 32. Bg3 Ng6 1/2-1/2

[Variant "Standard"]
[Site "Europe Echecs"]

[Event "Championnat du monde jeunes U12F"]
[Date "2024.11.25"]
[White "Tu, Audrey"]
[Black "Chichinadze, Anastasia"]
[WhiteElo "1765"]
[BlackElo "1682"]
[Round "10.22"]
[Result "0-1"]
[TimeControl "5400+30"]

1. e4 e5 2. Nf3 Nc6 3. Bb5 a6 4. Ba4 Nf6 5. d3 b5 6. Bb3 Bc5 7. c3 h6 8. O-O O-O 9. Re1 d6 10. d4 Bb6 11. h3 Re8 12. a4 Na5 13. Bc2 exd4 14. cxd4 Bb7 15. Nbd2 Nc6 16. Nf1 Nb4 17. Ng3 Nxc2 18. Qxc2 Qd7 19. a5 Ba7 20. b4 Nxe4 21. Nxe4 Qf5 22. Nh4 Bxe4 23. Qxc7 Qf6 24. Nf3 Rec8 25. Qd7 Bxf3 26. gxf3 Bxd4 27. Ra3 Bc3 28. Rd1 Bxb4 29. Rad3 Rxc1 30. Rxc1 Qg5+ 31.
Kh2 Qxc1 32. Re3 Qc8 33. Qe7 Bc5 34. Re2 b4 35. Qe4 Rb8 36. Qd5 Qc7 37. Rc2 b3 38. Rb2 Qxa5 39. Rxb3 Rxb3 40. Qxb3 Qd2 41. Qb8+ Kh7 42. Qb1+ g6 43. Qg1 Qxf2+ 44. Qxf2 Bxf2 45. Kg2 Bd4 46.
Kf1 a5 47. Ke1 a4 48. f4 a3 49. f5 a2 50. fxg6+ Kxg6 51. h4 a1=Q+ 52. Ke2 Qc3 53. h5+ Kf5 54. Kf1 Qc2 55. Ke1 d5 56. Kf1 Qf2# 0-1

[Variant "Standard"]
[Site "Europe Echecs"]

[Event "Championnat du monde jeunes U12F"]
[Date "2024.11.25"]
[White "Alcantara, Levanah"]
[Black "Liu, Jingyu"]
[WhiteElo "1753"]
[BlackElo "1680"]
[Round "10.23"]
[Result "1-0"]
[TimeControl "5400+30"]

1. d4 d5 2. c4 e6 3. Nc3 Nf6 4. cxd5 exd5 5. Bg5 c6 6. e3 Be7 7. Bd3 O-O 8. h3 h6 9. Bf4 Re8 10. Nf3 Bd6 11. Ne5 c5 12. Nb5 cxd4 13. Nxd6 Qxd6 14. exd4 Nc6 15. O-O Nxd4 16. Qa4 Ne6 17. Ng4 Bd7 18. Bxd6 Bxa4 19. Nxf6+ gxf6 20. b3 Bc6 21. Rfd1 Rad8 22. Ba3 Nf4 23. Bf1 Kg7 24. Rd2 Rd7 25. b4 a6 26. Rc1 Ba4 27. Bb2 Ne6 28. Rc3 d4 29. Rg3+ Kh8 30. Rg4 Red8 31. Bc4 Kh7 32. Bd3+ Kh8 33. Bf5 Rd5 34. Bxe6 fxe6 35. Rdxd4 Rxd4 36. Bxd4 e5 37. Be3 h5 38. Rg6 Rd6 39. Rh6+ Kg7 40. Rxh5 Rd1+ 41. Kh2 Ra1 42. g4 Rxa2 43. g5 Bd1 44. gxf6+ Kxf6 45. Rh6+ Kf5 46.
Rh7 b5 47. Ra7 Ra4 48. Bc5 Bh5 49. Kg3 Ra3+ 50. Kg2 Kf4 51. Be3+ Kf5 52. Rg7 Kf6 53. Rh7 Bg6 54. Rc7 Be4+ 55. Kg3 Rb3 56. Ra7 Rxb4 57. Rxa6+ Kf5 58. Rb6 Rb3 59. h4 b4 60. h5 Rb1 61. f3 Bd5 62. h6 b3 63. h7 Rh1 64. Rh6 1-0

[Variant "Standard"]
[Site "Europe Echecs"]

[Event "Championnat du monde jeunes U12F"]
[Date "2024.11.25"]
[White "Baruch, Amit"]
[Black "Wang, Tianmu"]
[WhiteElo "1747"]
[BlackElo "1640"]
[Round "10.24"]
[Result "1/2-1/2"]
[TimeControl "5400+30"]

1. e4 e5 2. Nf3 Nc6 3. Bb5 a6 4. Ba4 Nf6 5. O-O Be7 6. Re1 b5 7. Bb3 d6 8. a4 b4 9. a5 O-O 10. c3 Bg4 11. h3 Bh5 12. d3 bxc3 13. bxc3 Rb8 14. Bc4 Nxa5 15. Rxa5 Rxb1 16. Ba2 Rb6 17. Be3 c5 18. g4 Bg6 19. Qa4 Qb8 20. Rxa6 Rxa6 21. Qxa6 Qb2 22. Kf1 Qxc3 23. Bd2 Qc2 24. Rc1 Qb2 25. Rb1 Qc2 26. Ra1 1/2-1/2

[Variant "Standard"]
[Site "Europe Echecs"]

[Event "Championnat du monde jeunes U12F"]
[Date "2024.11.25"]
[White "Gailevska, Milana"]
[Black "Lukin, Yesenia"]
[WhiteElo "1698"]
[BlackElo "1732"]
[Round "10.25"]
[Result "1-0"]
[TimeControl "5400+30"]

1. d4 Nf6 2. Nf3 e6 3. Bf4 d5 4. e3 Nbd7 5. c4 c6 6. Nc3 Bb4 7. Qb3 Qa5 8. Bd3 dxc4 9. Bxc4 Ne4 10. Rc1 Nb6 11. O-O Bxc3 12. bxc3 Nxc4 13. Qxc4 g5 14. Be5 f6 15. Qd3 fxe5 16. Qxe4 exd4 17. Qxd4 O-O 18. Qc4 h6 19. Rcd1 Rd8 20. Qe4 Rxd1 21. Qg6+ Kf8 22. Rxd1 Qxc3 23. Rd8+ Ke7 24. Qe8+ Kf6 25. Qh8+ Ke7 26. Qf8# 1-0

[Variant "Standard"]
[Site "Europe Echecs"]

[Event "Championnat du monde jeunes U12F"]
[Date "2024.11.25"]
[White "Telyuk, Anastasiya"]
[Black "Ribreau, Anna"]
[WhiteElo "1603"]
[BlackElo "1726"]
[Round "10.26"]
[Result "1-0"]
[TimeControl "5400+30"]

1. e4 d6 2. d4 Nf6 3. Nc3 e5 4. Nf3 Nbd7 5. Bc4 Be7 6. O-O O-O 7. a4 c6 8. Re1 b6 9. h3 Bb7 10. Be3 a6 11. d5 cxd5 12. Bxd5 Bxd5 13. Nxd5 Nxe4 14. Bxb6 Nxb6 15. Nxe7+ Qxe7 16. Rxe4 f5 17. Rb4 Rab8 18. a5 Nd7 19. Qd5+ Kh8 20. Rxb8 Rxb8 21. Rd1 Nc5 22. Qxd6 Qxd6 23. Rxd6 e4 24. Nd4 g6 25. Rc6 Na4 26. b3 Nb2 27. Rxa6 Nd1 28. Rb6 Ra8 29. a6 Nc3 30. Nc6 Nd5 31. Rb8+ Rxb8 32. Nxb8 Nc7 33. a7 Kg8 34. Nd7 Na8 35. c4 Kf7 36. c5 Ke7 37. Nb6 Kd8 38. Nxa8 Kc8 39. Nb6+ 1-0

[Variant "Standard"]
[Site "Europe Echecs"]

[Event "Championnat du monde jeunes U12F"]
[Date "2024.11.25"]
[White "Liang, Candice"]
[Black "Oksanen, Maria"]
[WhiteElo "1551"]
[BlackElo "1725"]
[Round "10.27"]
[Result "1/2-1/2"]
[TimeControl "5400+30"]

1. d4 Nf6 2. c4 g6 3. g3 d5 4. cxd5 Nxd5 5. Nf3 Bg7 6. Bg2 O-O 7. O-O Nc6 8. Nc3 Nb6 9. e3 Be6 10. b3 Bf5 11. Bb2 Nb4 12. e4 Bg4 13. d5 f5 14. h3 Bxf3 15. Bxf3 c6 16. a3 fxe4 17. Bxe4 N4xd5 18. Qc2 Nxc3 19. Bxc3 Bxc3 20. Qxc3 Qd6 21. b4 Qf6 22. Qb3+ Kg7 23. b5 cxb5 24. Qxb5 Rab8 25. Rac1 Rfc8 26. Rxc8 Nxc8 27. Qd7 Qd6 28.
Rd1 Qxd7 29. Rxd7 Nd6 30. Bd5 Kf6 31. f4 a6 32. g4 Nb5 33. Rxb7 Rxb7 34. Bxb7 Nxa3 35. Bxa6 g5 36. fxg5+ Kxg5 37. Bd3 h6 38. Kg2 Kf4 39. Kf2 e5 40. Ke2 Kg3 41. Bf5 Nb5 42. Ke3 Nd6 43. Be6 Kh4 44. Kf3 h5 45. gxh5 Kxh5 46. Bd7 1/2-1/2

[Variant "Standard"]
[Site "Europe Echecs"]

[Event "Championnat du monde jeunes U12F"]
[Date "2024.11.25"]
[White "Chovanec, Alice"]
[Black "Potikha, Shelley"]
[WhiteElo "1694"]
[BlackElo "1561"]
[Round "10.28"]
[Result "1-0"]
[TimeControl "5400+30"]

1. d4 e6 2. c4 Nf6 3. Nc3 Bb4 4. f3 b5 5. Bg5 h6 6. Bxf6 Qxf6 7. e4 bxc4 8. Bxc4 c5 9. Ne2 Ba6 10. Bxa6 Nxa6 11. a3 Bxc3+ 12. bxc3 cxd4 13. cxd4 O-O 14. O-O d5 15. Qa4 Nb8 16. e5 Qe7 17. Rfc1 Qd7 18. Qc2 Na6 19. Qc6 Qc8 20. Qd6 Qd8 21. Qxa6 Qg5 22. f4 Qg4 23. h3 Qf5 24. Rab1 Qe4 25. Rb2 Rab8 26. Rcc2 Rb6 27. Qxa7 Rxb2 28. Rxb2 Qd3 29. Qa4 Rc8 30. Qb3 1-0

[Variant "Standard"]
[Site "Europe Echecs"]

[Event "Championnat du monde jeunes U12F"]
[Date "2024.11.25"]
[White "Moscovitch, Shelly"]
[Black "Tursunalieva, Nurelina"]
[WhiteElo "1552"]
[BlackElo "1701"]
[Round "10.29"]
[Result "0-1"]
[TimeControl "5400+30"]

1. e4 c5 2. Nf3 d6 3. c3 Nf6 4. Be2 Nbd7 5. Qc2 Qc7 6. O-O g6 7. d3 Bg7 8. h3 O-O 9. Bf4 b6 10. Nbd2 Bb7 11. Rac1 Rac8 12. Rfe1 a6 13. Nf1 c4 14. Ng3 e5 15. Be3 d5 16. exd5 Nxd5 17. Qd2 Nxe3 18. Qxe3 f5 19. Qd2 cxd3 20. Bd1 e4 21. Bb3+ Kh8 22. Nd4 Nc5 23. Nf1 Qd6 24. Red1 Nxb3 25. Nxb3 f4 26. Kh1 Qd5 27. Re1 Qf5 28. Kh2 Be5 29. Red1 Rcd8 30. Nd4 Qf6 31. Kh1 Rd6 32. Nb3 e3 33. fxe3 f3 34. Kg1 f2+ 35. Kh1 Bxg2+ 0-1

[Variant "Standard"]
[Site "Europe Echecs"]

[Event "Championnat du monde jeunes U12F"]
[Date "2024.11.25"]
[White "Huang, Lucia"]
[Black "Laurincova, Timea"]
[WhiteElo "1621"]
[BlackElo "1549"]
[Round "10.30"]
[Result "1-0"]
[TimeControl "5400+30"]

1. e4 c5 2. Nc3 Nc6 3. f4 d6 4. Bc4 g6 5. Nf3 Bg7 6. a3 Nf6 7. O-O O-O 8. d3 Bd7 9. Qe1 Qc7 10. Ba2 Rab8 11. Qh4 b5 12. f5 a5 13. fxg6 hxg6 14. Ng5 Nh5 15. Bxf7+ Kh8 16. Nd5 Qd8 17. Nf4 Ne5 18. Nxg6+ Nxg6 19. Qxh5+ Bh6 20. Qxh6# 1-0

[Variant "Standard"]
[Site "Europe Echecs"]

[Event "Championnat du monde jeunes U12F"]
[Date "2024.11.25"]
[White "Busuioc, Amelie"]
[Black "Saharkar, Sharvari"]
[WhiteElo "1581"]
[BlackElo "1581"]
[Round "10.31"]
[Result "1-0"]
[TimeControl "5400+30"]

1. e4 e5 2. d4 exd4 3. Qxd4 Nc6 4. Qe3 Nf6 5. Nc3 Bd6 6. Nf3 O-O 7. Be2 Re8 8. Bd2 b6 9. O-O-O Ng4 10. Qg5 Nxf2 11. Bc4 Nxh1 12. Qh5 g6 13. Bxf7+ Kh8 14. Bxg6 Re7 15. Bg5 Qf8 16. Bxe7 Qxe7 17. Nd5 Qg7 18. Bf5 Bb7 19. Ng5 Ne7 20. Nxe7 Bxe7 21. Nxh7 Kg8 22. Rxd7 Qf7 23. Qh6 Rd8 24. Rxd8+ Bxd8 25. Be6 Bxe4 26. Bxf7+ Kxf7 27. Qf4+ Kg7 28. Qxe4 Nf2 29. Qd4+ Kxh7 30. Qxf2 Bg5+ 31. Kd1 c5 32. Qf7+ Kh6 33. Qxa7 Bd8 34. Qb8 Kg7 35. Qxd8 b5 36. Qd6 Kf7 37. h4 Ke8 38. Qc7 b4 39. Qg7 c4 40. h5 b3 41. axb3 cxb3 42. h6 bxc2+ 43. Kxc2 Kd8 44. h7 Ke8
1-0

[Variant "Standard"]
[Site "Europe Echecs"]

[Event "Championnat du monde jeunes U12F"]
[Date "2024.11.25"]
[White "Jacome Revelo, Daniela Alexandra"]
[Black "Budhram, Kaylee"]
[WhiteElo "1764"]
[BlackElo "1614"]
[Round "10.32"]
[Result "1/2-1/2"]
[TimeControl "5400+30"]

1. e4 c6 2. Nc3 d5 3. Nf3 dxe4 4. Nxe4 Nf6 5. Qe2 Nxe4 6. Qxe4 e6 7. Bc4 Nd7 8. d4 Nf6 9. Qe2 b5 10. Bb3 a5 11. a4 Ba6 12. O-O Bd6 13. Ng5 b4 14. Bc4 Bxc4 15. Qxc4 Qc7 16. h3 O-O 17. Qd3 h6 18. Ne4 Be7 19. Qf3 Nxe4 20. Qxe4 Bf6 21. f4 Rfd8 22. Be3 Rac8 23. Rad1 Qd7 24. Qf3 Qd5 25. Qg4 Qe4 26. Rd3 Bxd4 27. Bxd4 Rxd4 28. Rg3 g6 29. Qh5 Kh7 30. Qxa5 Rd5 31. Qa6 Rc7 32. Qb6 Qd4+ 33. Qxd4 Rxd4 34. Rb3 Ra7 35. Ra1 Rxf4 36. a5 Rc4 37. a6 c5 38. c3 Kg7 39. Kf2 Kf6 40. Ke3 Ke5 41. g3 1/2-1/2

[Variant "Standard"]
[Site "Europe Echecs"]

[Event "Championnat du monde jeunes U12F"]
[Date "2024.11.25"]
[White "Ordonez Alarcon, Daniela"]
[Black "Xu, Melissa"]
[WhiteElo "1606"]
[BlackElo "1731"]
[Round "10.33"]
[Result "1-0"]
[TimeControl "5400+30"]

1. d4 d5 2. c4 e6 3. Nc3 Nf6 4. Nf3 Nbd7 5. e3 a6 6. Qc2 Be7 7. b3 b6 8. Be2 Bb7 9. O-O O-O 10. Bb2 dxc4 11. bxc4 c5 12. Rad1 Qc7 13. d5 exd5 14. cxd5 h6 15. e4 Bd6 16. Rfe1 Rfe8 17. g3 b5 18. Bf1 Ng4 19. Nh4 c4 20. Ne2 Nc5 21. Nd4 Ne5 22. Nhf5 f6 23. Nxd6 Qxd6 24. Ba3 Qb6 25. Bxc5 Qxc5 26. Be2 Bc8 27. f4 Ng4 28. Bf1 h5 29. h3 Nh6 30. Bg2 Bb7 31. Kf1 Qa3 32. Ne2 Nf7 33. Rd2 Rad8 34. Qc3 Qc5 35. a3 f5 36. Nd4 Bc8 37. Nc6 Rd7 38. e5 Rc7 39. Nd4 Qe7 40. Rde2 Rc5 41. Nc6 Qb7 42. Rd1 Nd8 43. Nxd8 Rxd8 44. d6 Qf7 45. e6 Bxe6 46. Qa5 Rcc8 47. Rxe6 Qxe6 48. Bd5 Qxd5 49. Rxd5 c3 50. Rd1 c2 51. Rc1 Rxd6 52. Qe1 Kf7 53. Qe2 Rdc6 54. Qxh5+ g6 55. Qe2 R8c7 56. Qd2 Rc5 57.
Qb4 Rc3 58. Kg2 R7c4 59. Qb2 Rc5 60. g4 fxg4 61. hxg4 a5 62. f5 gxf5 63. gxf5 a4 64. f6 Kg6 65. Kf2 Rb3 66. Qa2 Rcc3 67. Rxc2 Rf3+ 68. Ke1 Rfe3+ 69.
Re2 Rxa3 70. Qb1+ Kxf6 71. Qxb5 Rxe2+ 72.
Kxe2 Ra2+ 73. Kd3 a3 74. Qb1 Rh2 75. Qa1+ Ke6 76. Qe1+ Kd7 77. Qa1 Ke6 78. Kc3 Kd5 79. Qd1+ Ke6 80. Qg4+ Kd5 81. Qc4+ Kd6 82. Qf4+ Kd5 1-0

[Variant "Standard"]
[Site "Europe Echecs"]

[Event "Championnat du monde jeunes U12F"]
[Date "2024.11.25"]
[White "Chen, Pin-I"]
[Black "Tsinjoviniavo, Aina Mahasambatra"]
[WhiteElo "1601"]
[BlackElo "1716"]
[Round "10.34"]
[Result "0-1"]
[TimeControl "5400+30"]

1. d4 d5 2. c4 e6 3. Nf3 Nf6 4. g3 c6 5. Bg2 dxc4 6. O-O Nbd7 7. a4 a5 8. Qc2 Bd6 9. Qxc4 O-O 10. Nc3 e5 11. e4 Nb6 12. Qd3 Bc5 13. Be3 Bxd4 14. Bxd4 exd4 15. Qxd4 Be6 16. Qc5 Nfd7 17. Qh5 Nf6 18. Qg5 h6 19. Qc1 Qe7 20. Nd4 Bc4 21. Rd1 Rad8 22. b3 Be6 23. Nxe6 Qxe6 24. Qc2 Nbd7 25. Ne2 Qe5 26. Rac1 Rfe8 27. f3 Nb8 28. Nf4 Na6 29. Nd3 Qd4+ 30. Kh1 Nb4 31. Nxb4 Qxb4 32. Bf1 Nd7 33. Bc4 Ne5 34. Be2 g6 35. f4 Nd7 36. e5 Nb6 37. Bf3 Kg7 38. Qb2 Nxa4 39. Qc2 Nb6 40. Qb2 Kg8 41. Qa2 Nd5 42. Bxd5 Rxd5 43. Rxd5 cxd5 44. Rd1 Rd8 45. Qc2 Qb6 46. Rd3 d4 47. Qc4 Qc6+ 48. Qxc6 bxc6 49. Kg2 c5 50. Kf3 a4 51. bxa4 c4 52. Rd1 c3 53. Ke2 Kf8 54. Kd3 Ke7 55. a5 Ke6 56. a6 Kd5 57. a7 Ra8 58. Ra1 g5 59. Ra5+ Ke6 60. Kxd4 c2 61. Ra1 Rxa7 62. Rc1 Rc7 63. Kd3 gxf4 64. gxf4 Kf5 65. Ke3 Kg4 66. Kd2 Kxf4 67. Rxc2 Rxc2+ 68. Kxc2 Kxe5 69. Kd3 Kf4 70.
Ke2 f6 71. Kf2 h5 72. Kg2 Ke3 73. Kf1 f5 74. Ke1 h4 75. Kf1 Kf3 76. Kg1 Ke2 0-1

[Variant "Standard"]
[Site "Europe Echecs"]

[Event "Championnat du monde jeunes U12F"]
[Date "2024.11.25"]
[White "Hiznicenco, Valeria"]
[Black "Radenkovic, Lena"]
[WhiteElo "1513"]
[BlackElo "1675"]
[Round "10.35"]
[Result "1/2-1/2"]
[TimeControl "5400+30"]

1. e4 e5 2. Nf3 Nc6 3. d4 exd4 4. Bc4 h6 5. Nxd4 Qf6 6. c3 Bc5 7. Be3 Nge7 8. O-O O-O 9. Qd3 d6 10. Bb3 Ne5 11. Qe2 N7g6 12. f3 Nf4 13. Bxf4 Qxf4 14. Kh1 Kh8 15. g3 Qf6 16. Nd2 Qg6 17. Qg2 h5 18. Rg1 f5 19. Bc2 Bxd4 20. cxd4 Nc6 21. d5 Ne5 22. h3 Qh6 23. Raf1 Bd7 24. exf5 Bxf5 25. Bxf5 Rxf5 26. g4 hxg4 27. fxg4 Rff8 28. Ne4 Qg6 29. Nc3 Nc4 30. b3 Ne3 31. Rxf8+ Rxf8 32. Qe2 Re8 33. Re1 Qf6 34. Nd1 Qd4 35. Nxe3 Qe4+ 36. Qg2 Qb4 37. Qf2 Kg8 38. Ng2 Rf8 39. Qe2 Qc3 40. Qe6+ Kh8 41. Qe7 Qxh3+ 42. Kg1 Qf3 43. Qe2 Qg3 44. Qe7 Qf3 45. Qe2 Qf6 46. Rf1 Qd4+ 47. Kh1 Rf6 48. Rxf6 Qxf6 49. Qe8+ Kh7 50. Qh5+ Kg8 51. Qe8+ Kh7 52. Qh5+ Kg8 53. Qe8+ 1/2-1/2

[Variant "Standard"]
[Site "Europe Echecs"]

[Event "Championnat du monde jeunes U12F"]
[Date "2024.11.25"]
[White "Muradova, Nebahat"]
[Black "Petrusic, Dusica"]
[WhiteElo "1626"]
[BlackElo "1498"]
[Round "10.36"]
[Result "1-0"]
[TimeControl "5400+30"]

1. d4 d5 2. c4 c6 3. cxd5 cxd5 4. Nc3 Nc6 5. Bf4 a6 6. e3 Nf6 7. Bd3 e6 8. Nf3 Bd6 9. Bg5 h6 10. Bh4 Be7 11. O-O O-O 12. Rc1 Bd7 13. Bb1 Ne8 14. Qc2 g6 15. Bg3 f5 16. Ne5 Nxe5 17. Bxe5 Bd6 18. f4 Rc8 19. Rf3 Bxe5 20. fxe5 b5 21. a3 a5 22. Qe2 b4 23. axb4 axb4 24. Na2 Rxc1+ 25. Nxc1 Qb6 26. h4 Nc7 27. g4 Kh7 28. gxf5 gxf5 29. Rg3 Rg8 30. Rxg8 Kxg8 31. Qg2+ Kh7 32. Nd3 Be8 33. Nf4 Qc6 34. Kh2 Qc1 35. Nxe6 Nxe6 36. Bxf5+ Kh8 37. Bxe6 1-0

[Variant "Standard"]
[Site "Europe Echecs"]

[Event "Championnat du monde jeunes U12F"]
[Date "2024.11.25"]
[White "Anu, Bayart-Uchral"]
[Black "Yang, Hayeon"]
[WhiteElo "1624"]
[BlackElo "1482"]
[Round "10.37"]
[Result "1-0"]
[TimeControl "5400+30"]

1. d4 d5 2. c4 c6 3. Nc3 Nf6 4. e3 e6 5. Nf3 Nbd7 6. Bd3 Bd6 7. O-O b6 8. e4 dxe4 9. Nxe4 Nxe4 10. Bxe4 Bb7 11. b3 O-O 12. Bb2 Nf6 13. Bc2 c5 14. Re1 cxd4 15. Nxd4 Bc5 16. a3 Qc7 17. Qe2 Rad8 18. Rad1 Bd6 19. h3 e5 20. Nf5 Rfe8 21. Nxd6 Rxd6 22. Rxd6 Qxd6 23. Bxe5 Qc6 24. Qf1 Qe6 25. Bc3 Qc6 26. Rxe8+ Nxe8 27. f3 Qc5+ 28. Qf2 Qxa3 29. Qe1 Qc5+ 30. Kh1 Nc7 31. Qg3 Ne6 32. Qb8+ Qc8 33. Qxa7 Qc7 34. Qa1 Ng5 35. Qe1 Bc6 36. Qe5 Qxe5 37. Bxe5 f6 38. Bd6 h6 39. b4 b5 40. Bd3 bxc4 41. Bxc4+ Nf7 42. Be7 f5 43. f4 g6 44. Ba6 g5 45. b5 Bd5 46. b6 gxf4 47. b7 Bxb7 48. Bxb7 Kg7 49. Bd5 h5 50. Bxf7 Kxf7 51. Bg5 Kg6 52. Bxf4 h4 53. Kg1 Kh5 54. Kf2 Kg6 55. Kf3 Kh5 56. Bd6 Kg6 57. Kf4 Kf6 58. Be5+ Ke6 59. Bb2 Kd5
1-0

[Variant "Standard"]
[Site "Europe Echecs"]

[Event "Championnat du monde jeunes U12F"]
[Date "2024.11.25"]
[White "Mrad, Anahid"]
[Black "Stepankova, Linda"]
[WhiteElo "1558"]
[BlackElo "1624"]
[Round "10.38"]
[Result "1/2-1/2"]
[TimeControl "5400+30"]

1. e4 c5 2. Nf3 Nc6 3. d4 cxd4 4. Nxd4 g6 5. c4 Bg7 6. Be3 Nf6 7. Nc3 O-O 8. Be2 d6 9. O-O Bd7 10. h3 a6 11. a4 Rc8 12. b3 Nxd4 13. Bxd4 Bc6 14. Bg4 Rb8 15. Rc1 h5 16. Be2 Bh6 17. Rb1 Nxe4 18. Bxh5 e5 19. Bf3 Nxc3 20. Bxc3 Rc8 21. Bd5 Qd7 22. Qd3 Bg7 23. Rfd1 Rfd8 24. Bb4 Bxd5 25. Qxd5 Bf8 26. c5 a5 27. Ba3 Rc6 28. Rd2 b6 29. cxb6 Rxb6 30. Qxa5 Qc6 31. Qd5 Qxd5 32. Rxd5 Rdb8 33. b4 f6 34. b5 Kf7 35. a5 Ke6 36. axb6 Kxd5 37. Rd1+ Ke6 38. Rb1 Rxb6 39. Bc1 d5 40. Bd2 Bc5 41. Ba5 Rb7 42. g4 g5 43. Kg2 d4 44. Kf3 Kd5 45. Ke2 e4 46. Bd8 Ke6 47. Ba5 Ke5 1/2-1/2

[Variant "Standard"]
[Site "Europe Echecs"]

[Event "Championnat du monde jeunes U12F"]
[Date "2024.11.25"]
[White "Hrckova, Anna"]
[Black "Prokofieva, Alexandra"]
[WhiteElo "1441"]
[BlackElo "1467"]
[Round "10.39"]
[Result "1-0"]
[TimeControl "5400+30"]

1. e4 e5 2. Nf3 Nc6 3. Nc3 d6 4. h3 b6 5. d4 exd4 6. Nxd4 Nxd4 7. Qxd4 c5 8. Qa4+ Bd7 9. Bb5 Nf6 10. Bg5 Bxb5 11. Qxb5+ Qd7 12. Qxd7+ Kxd7 13.
O-O-O h6 14. Bf4 Rd8 15. Rhe1 Kc6 16. e5 Ne8 17. Bh2 h5 18. f4 Be7 19. g3 dxe5 20. Rxd8 Bxd8 21. fxe5 Bg5+ 22.
Kb1 a5 23. e6 fxe6 24. Rxe6+ Kb7 25.
Ne4 Rf8 26. a3 Rf1+ 27. Ka2 Nc7 28.
Rg6 Bd8 29. Nd6+ Ka6 30. Nc4 Rh1 31.
Rxb6+ Ka7 32. Rd6 Rxh2 33. Rxd8 Rxh3 34.
Rd7 Kb7 35. Nxa5+ Ka6 36. Rxc7 Kxa5 37.
Rxg7 Rh2 38. Kb3 h4 39. gxh4 Rxh4 40.
Rg3 c4+ 41. Kc3 Ka4 42. Re3 Kb5 43.
Re5+ Ka4 44. Rd5 Rh3+ 45. Kxc4 Rh4+ 46.
Rd4 Rh2 47. Kc5+ Ka5 48. b4+ Ka4 49. b5+ Kxa3 50. c4 Rh5+ 51. Rd5 Rh8 52. b6 Rc8+ 53. Kb5 Rb8 54. c5 Ra8 55. b7 Ra4 56. Rd3+ Ka2 57. Kxa4 Kb2 58. b8=Q+ Kc2 59. Qb3+ Kc1 60. Qc3+ Kb1 61. Rd1+ Ka2 62. Ra1# 1-0

[Variant "Standard"]
[Site "Europe Echecs"]

[Event "Championnat du monde jeunes U12F"]
[Date "2024.11.25"]
[White "Ivanova, Gabriela"]
[Black "Jung, Minju"]
[WhiteElo "1680"]
[BlackElo "1457"]
[Round "10.40"]
[Result "1/2-1/2"]
[TimeControl "5400+30"]

1. d4 d5 2. Nf3 Nf6 3. g3 Bf5 4. c4 e6 5. Bg2 c6 6. O-O Be7 7. Bf4 O-O 8. Nbd2 Nbd7 9. Rc1 Rc8 10. Re1 Re8 11. Qb3 Qb6 12. Qxb6 axb6 13. Ne5 Bb4 14. Nxd7 Nxd7 15. a3 Bxd2 16. Bxd2 Nf6 17. Bf4 c5 18. dxc5 bxc5 19. cxd5 Nxd5 20. Bd6 Bg6 21. Bxc5 b5 22. Bd4 h6 23. e4 Ne7 24. Bc5 Nc6 25. Bf1 Rb8 26. Bd6 Rbc8 27. Bxb5 Red8 28. Bxc6 Rxd6 29. Bb7 Rb8 30. Rc8+ Rxc8 31. Bxc8 Rd2 32. b4 Ra2 33. b5 Rxa3 34. b6 Rb3 35. b7 Kf8 36. f3 Ke7 37. Rd1 Ke8 38. Rd3 Rb4 1/2-1/2

[Variant "Standard"]
[Site "Europe Echecs"]

[Event "Championnat du monde jeunes U12F"]
[Date "2024.11.25"]
[White "Li, Yeeshuen"]
[Black "Liu, Lillian Yu-Ning"]
[WhiteElo "1546"]
[BlackElo "1456"]
[Round "10.42"]
[Result "1-0"]
[TimeControl "5400+30"]

1. e4 e5 2. Nf3 Nc6 3. Bc4 Bc5 4. c3 d6 5. d4 Bb6 6. dxe5 dxe5 7. Qxd8+ Nxd8 8. Nxe5 Be6 9. Bd3 Ne7 10. Bf4 O-O 11. Nc4 Bxc4 12. Bxc4 Ng6 13. Bg3 Re8 14. f3 Nc6 15. Nd2 Nce5 16. O-O-O Be3 17. Be2 h5 18. Bxe5 Rxe5 19. g3 Re7 20. Kc2 h4 21. Rhf1 hxg3 22. hxg3 a5 23. Nc4 Bc5 24. Rd5 b6 25. Nd2 c6 26. Rh5 Rd7 27. f4 Be3 28. Nc4 b5 29. Nxe3 Re7 30. Bf3 1-0

[Variant "Standard"]
[Site "Europe Echecs"]

[Event "Championnat du monde jeunes U12F"]
[Date "2024.11.25"]
[White "Istratova, Nika"]
[Black "Canossa, Elena"]
[WhiteElo "1473"]
[BlackElo "1482"]
[Round "10.43"]
[Result "1-0"]
[TimeControl "5400+30"]

1. e4 e5 2. Nf3 Nf6 3. Nxe5 d6 4. Nf3 Nxe4 5. Nc3 Nxc3 6. dxc3 Nc6 7. Bf4 a6 8. Bd3 Be7 9. O-O O-O 10. Qd2 Be6 11. Bg5 Qd7 12. Bxe7 Qxe7 13. Ng5 h6 14. Nxe6 Qxe6 15. Rfe1 Qd7 16. Re3 Ne5 17. Rxe5 Kh8 18. Rh5 Qe6 19. Re1 Qf6 20. g4 g5 21. Be4 c6 22. Qd4 Qxd4 23. Rxh6+ Kg7 24. Rh7+ Kg8 25. cxd4 Rfe8 26. Rh3 Kg7 27. Rhe3 d5 28. Bf5 Rf8 29. Kg2 Kf6 30. h3 Rad8 31. Rf3 Kg7 32. Re7 Kg8 33. Rxb7 Rb8 34. Rxb8 Rxb8 35. b3 f6 36. Bd7 Kg7 37. Bxc6 Rc8 38. Bxd5 Rxc2 39. a4 Rd2 40. Bc4 Rxd4 41. Bxa6 Rd6 42. Bb5 Rb6 43. Bc4 Rc6 44. a5 Rc5 45. Rf5 Rc7 46. a6 Ra7 47. b4 1-0

[Variant "Standard"]
[Site "Europe Echecs"]